 Dungeon Crawl Stone Soup version 0.30-a0-726-gd89dcf765f (webtiles) character file.

Game seed: 13088119643065224940

450 Leeroy the Grasshopper (level 7, -1/53 (56) HPs)
             Began as a Gnoll Warper on Jan 29, 2023.
             Was a Follower of Okawaru.
             Slain by a gnoll
             ... wielding a +0 whip
             ... led by a gnoll sergeant
              (5 damage)
             ... on level 5 of the Dungeon.
             The game lasted 00:04:55 (3584 turns).

Leeroy the Grasshopper (Gnoll Warper)               Turns: 3584, Time: 00:04:55

HP:   -1/53 (56)    AC:  7    Str: 10    XL:     7   Next: 4%
MP:   15/15         EV: 13    Int: 12    God:    Okawaru [*.....]
Gold: 134           SH:  0    Dex: 14    Spells: 17/17 levels left

rFire   . . .      SeeInvis .    l - +0 short sword (elec)
rCold   . . .      Faith    .    (no shield)
rNeg    . . .      Spirit   .    b - +0 leather armour
rPois   .          Reflect  .    (no helmet)
rElec   .          Harm     .    (no cloak)
rCorr   .          Rampage  .    y - +0 pair of gloves
Will    .....                    j - +2 pair of boots
Stlth   ++                       (no amulet)
HPRegen 0.28/turn                (no ring)
MPRegen 0.14/turn                (no ring)

@: drained
A: fangs 1, strong nose, distributed training
a: Renounce Religion, Heroism


You were on level 5 of the Dungeon.
You worshipped Okawaru.
Okawaru was aware of your devotion.
You visited 2 branches of the dungeon, and saw 6 of its levels.

You collected 134 gold pieces.

Inventory:

Hand Weapons
 a - a +0 falchion
 l - a +0 short sword of electrocution (weapon)
 u - a +0 long sword
 x - a +2 sling of flaming
 z - a +3 short sword
Missiles
 d - 7 boomerangs of dispersal (quivered)
 t - 3 boomerangs
 w - 13 stones
Armour
 b - a +0 leather armour (worn)
 j - a +2 pair of boots (worn)
 y - a +0 pair of gloves (worn)
Wands
 p - a wand of roots (10)
Scrolls
 f - 2 scrolls of fear {unknown}
 g - 6 scrolls of identify {unknown}
 h - a scroll of enchant armour {unknown}
 k - 3 scrolls of fog {unknown}
 m - 2 scrolls of enchant weapon {unknown}
 n - a scroll of teleportation {unknown}
 o - a scroll of vulnerability {unknown}
 r - a scroll of brand weapon {unknown}
 s - a scroll of silence {unknown}
Potions
 e - a potion of attraction {unknown}
 i - 2 potions of curing
 q - 2 potions of berserk rage {unknown}
 v - a potion of invisibility {unknown}


   Skills:
 + Level 5.1 Fighting
 + Level 2.3 Short Blades
 + Level 5.1 Long Blades
 + Level 2.3 Axes
 + Level 2.3 Maces & Flails
 + Level 2.3 Polearms
 + Level 2.3 Staves
 + Level 2.3 Ranged Weapons
 + Level 3.5 Throwing
 + Level 3.5 Armour
 + Level 5.1 Dodging
 + Level 2.3 Stealth
 + Level 2.3 Shields
 + Level 2.3 Unarmed Combat
 + Level 5.5 Spellcasting
 + Level 1.9 Conjurations
 + Level 1.9 Hexes
 + Level 1.9 Summonings
 + Level 1.9 Necromancy
 + Level 5.8 Translocations
 + Level 1.9 Transmutations
 + Level 1.9 Fire Magic
 + Level 1.9 Ice Magic
 + Level 1.9 Air Magic
 + Level 1.9 Earth Magic
 + Level 1.9 Poison Magic
 + Level 2.5 Invocations
 + Level 2.3 Evocations


You had 17 spell levels left.
You didn't know any spells.
Your spell library contained the following spells:

 Spells                   Type           Power      Damage    Failure   Level
 Blink                    Tloc           34%        N/A       3%          2
 Lesser Beckoning         Tloc           34%        N/A       3%          2
 Teleport Other           Tloc           17%        N/A       7%          3
 Sandblast                Erth           14%        2d6       12%         1
 Vhi's Electric Charge    Tloc/Air       24%        N/A       16%         3
 Passwall                 Tmut/Erth      5%         N/A       17%         2
 Manifold Assault         Tloc           17%        N/A       22%         4
 Stone Arrow              Conj/Erth      14%        3d7       34%         3


Dungeon Overview and Level Annotations

Branches:
Dungeon (5/15)             Temple (1/1) D:4

Altars:
Ashenzari
Cheibriados
Dithmenos
Fedhas
Gozag
Hepliaklqana
Kikubaaqudgha
Makhleb
Nemelex Xobeh
Okawaru
Qazlal
Ru
Trog
Uskayaw
Wu Jian
Xom
Yredelemnul
Zin
The Shining One


Innate Abilities, Weirdness & Mutations

You have very sharp teeth.
Your uncanny sense of smell can sniff out nearby items.
Your experience applies equally to all skills.


Message History

The gnoll shouts!
Blink to where?
Press: ? - help, Dir - move target, p - wight
As you read the scroll of blinking, it crumbles to dust.
Okay, then.
Okay, then.
The wight attacks as you move away!
The wight hits you with a +4 scimitar of freezing.
The wight freezes you. The wight attacks as you move away!
The wight hits you with a +4 scimitar of freezing.
You feel drained. The wight freezes you.
* * * LOW HITPOINT WARNING * * *
The wight attacks as you move away! The wight barely misses you.
The wight attacks as you move away! The wight misses you.
The wight attacks as you move away!
The wight hits you with a +4 scimitar of freezing.
* * * LOW HITPOINT WARNING * * *
The wight freezes you.
* * * LOW HITPOINT WARNING * * *
The wight attacks as you move away! The wight barely misses you.
It was a potion of curing.
You feel better. The wight misses you.
Okay, then.
Your +2 sling of flaming stops flaming.
You hear the crackle of electricity.
l - a +0 short sword of electrocution (weapon)
You hit the wight but do no damage. Your bite misses the wight.
The wight is heavily damaged.
The wight hits you with a +4 scimitar of freezing!
* * * LOW HITPOINT WARNING * * *
You feel drained. The wight freezes you.
* * * LOW HITPOINT WARNING * * *
You hit the wight but do no damage. Lightning courses through the wight!
You destroy the wight!
Okawaru accepts your kill.
You have reached level 7!
The gnoll attacks as you move away! The gnoll hits you with a +0 whip.
* * * LOW HITPOINT WARNING * * *
You closely miss the gnoll. The gnoll hits you with a +0 whip.
You die...

#.####.#####.##....#.##.....
#.# #.# #.##......##....###
#.# #.# #.g................
#.# #.#########g..#.##..#...
#.# #........##...#.#.....#
#.# ########.##.....#...#.#
# #.# #.##.z..##...#.... #+#
#.##.........#.#..
#@###g#####..#... #g#
#.#......#.#..
#z###.###.#....... ∆
#.g.g.....#..#<#..
#####.###.#..### #.# #..#
### #..# #... #.##


You could see a gnoll sergeant, a wight and a gnoll.

Vanquished Creatures
  2 scorpions (D:5)
  2 wights (D:5)
  A hound (D:5)
  An orc priest (D:4)
  Ijyb (D:3)
  Terence (D:2)
  3 adders
  2 gnolls
  A worm (D:2)
  4 dart slugs
  2 orcs
  7 ball pythons
  5 endoplasms
  6 giant cockroaches
  6 goblins
  5 hobgoblins
  2 jackals (D:3)
  4 quokkas
  6 bats
  3 frilled lizards
  3 kobolds
  2 rats
69 creatures vanquished.

Notes
Turn   | Place    | Note
-------+----------+-------------------------------------------
     0 | D:1      | Leeroy the Gnoll Warper began the quest for the Orb.
     0 | D:1      | Reached XP level 1. HP: 20/20 MP: 6/6
    71 | D:1      | Reached XP level 2. HP: 26/26 MP: 7/7
   277 | D:1      | Reached skill level 5 in Spellcasting
   277 | D:1      | Reached XP level 3. HP: 25/31 MP: 7/9
   315 | D:1      | Reached skill level 1 in Invocations
   666 | D:2      | Reached skill level 1 in Short Blades
   666 | D:2      | Reached skill level 1 in Axes
   666 | D:2      | Reached skill level 1 in Maces & Flails
   666 | D:2      | Reached skill level 1 in Polearms
   666 | D:2      | Reached skill level 1 in Staves
   666 | D:2      | Reached skill level 1 in Ranged Weapons
   666 | D:2      | Reached skill level 1 in Stealth
   666 | D:2      | Reached skill level 1 in Shields
   666 | D:2      | Reached skill level 1 in Unarmed Combat
   666 | D:2      | Reached skill level 1 in Evocations
  1292 | D:2      | Noticed Terence
  1304 | D:2      | Killed Terence
  1305 | D:2      | Reached XP level 4. HP: 36/38 MP: 11/11
  1387 | D:2      | Reached skill level 1 in Conjurations
  1387 | D:2      | Reached skill level 1 in Hexes
  1387 | D:2      | Reached skill level 1 in Summonings
  1387 | D:2      | Reached skill level 1 in Necromancy
  1387 | D:2      | Reached skill level 1 in Transmutations
  1387 | D:2      | Reached skill level 1 in Fire Magic
  1387 | D:2      | Reached skill level 1 in Ice Magic
  1387 | D:2      | Reached skill level 1 in Air Magic
  1387 | D:2      | Reached skill level 1 in Earth Magic
  1387 | D:2      | Reached skill level 1 in Poison Magic
  1745 | D:3      | Noticed Ijyb
  1758 | D:3      | Killed Ijyb
  2020 | D:3      | Found a glowing silver altar of Zin.
  2022 | D:3      | Reached XP level 5. HP: 43/43 MP: 12/12
  2448 | D:4      | Found a staircase to the Ecumenical Temple.
  2458 | Temple   | Entered the Ecumenical Temple
  2619 | Temple   | Became a worshipper of Warmaster Okawaru
  2788 | D:5      | Entered Level 5 of the Dungeon
  3077 | D:5      | Noticed a black bear
  3172 | D:5      | Reached skill level 5 in Fighting
  3172 | D:5      | Reached skill level 5 in Long Blades
  3172 | D:5      | Reached skill level 5 in Dodging
  3172 | D:5      | Reached XP level 6. HP: 44/51 MP: 14/14
  3486 | D:5      | Reached * piety under Okawaru
  3583 | D:5      | Reached XP level 7. HP: 9/53 MP: 15/15
  3584 | D:5      | Slain by a gnoll

Illustrated notes

Levels and vault maps discovered:
D:1:      onia_arrival_mini_spirals, layout_rooms
D:2:      layout_loops_ring, serial_co_window_serial, co_window_corner_a,
          co_window_corner_a, co_window_paths_a, co_window_paths_a,
          co_window_paths_a, co_window_unsneaky_path_b,
          co_window_of_opportunity_b, co_window_paths_c,
          co_window_unsneaky_path_b, co_window_unsneaky_path_b,
          co_window_paths_d, co_window_4corner_b, glass_columns_c,
          glass_columns_b, glass_columns_a, glass_columns_a, uniq_terence
D:3:      layout_basic, mainiacjoe_overflow_boulevard, uniq_ijyb
D:4:      layout_layer_cave, minmay_temple_entry_proselytizer
D:5:      layout_basic
Temple:   hc_temple_tempest_star

Skill      XL: |  1  2  3  4  5 |
---------------+----------------+-----
Spellcasting   | 5 |  5.5
Invocations    | 1 2 |  2.5
Short Blades   | 1 2 |  2.3
Axes           | 1 2 |  2.3
Maces & Flails | 1 2 |  2.3
Polearms       | 1 2 |  2.3
Staves         | 1 2 |  2.3
Ranged Weapons | 1 2 |  2.3
Stealth        | 1 2 |  2.3
Shields        | 1 2 |  2.3
Unarmed Combat | 1 2 |  2.3
Evocations     | 1 2 |  2.3
Conjurations   | 1 |  1.9
Hexes          | 1 |  1.9
Summonings     | 1 |  1.9
Necromancy     | 1 |  1.9
Transmutations | 1 |  1.9
Fire Magic     | 1 |  1.9
Ice Magic      | 1 |  1.9
Air Magic      | 1 |  1.9
Earth Magic    | 1 |  1.9
Poison Magic   | 1 |  1.9
Throwing       | 3 |  3.5
Armour         | 3 |  3.5
Fighting       | 5 |  5.1
Long Blades    | 5 |  5.1
Dodging        | 5 |  5.1
Translocations | |  5.8

Action                     |  1- 3 |  4- 6 |  7- 9 || total
---------------------------+-------+-------+-------++-------
  Melee: Falchion          |   109 |       |       ||   109
         Bite              |    12 |    16 |       ||    28
         Short sword       |    14 |   137 |     1 ||   152
         Punch             |     1 |     1 |       ||     2
   Fire: Sling             |       |    11 |       ||    11
    Use: Scroll            |       |     2 |       ||     2
         Potion            |       |     1 |       ||     1
   Stab: Sleeping          |     3 |     5 |       ||     8
 Armour: Leather armour    |    34 |    32 |       ||    66
  Dodge: Dodged            |    98 |    95 |       ||   193

Table legend: (Time is in decaauts)
 A = Elapsed time spent in this place.
 B = Non-inter-level travel time spent in this place.
 C = Inter-level travel time spent in this place.
 D = Time resting spent in this place.
 E = Time spent auto-exploring this place.
 F = Levels seen in this place.
 G = Mean time per level.
                   A        B        C        D        E       F      G
               +--------+--------+--------+--------+--------+-----+--------+
         Total |   3616 |   3525 |     91 |    267 |   2473 |   6 |  602.7 |
       Dungeon |   3407 |   3316 |     91 |    267 |   2329 |   5 |  681.4 |
        Temple |    209 |    209 |      0 |      0 |    144 |   1 |  209.0 |
               +--------+--------+--------+--------+--------+-----+--------+

Top non-repeatable levels by time:
     D:2: 1018 daAuts
     D:5: 792 daAuts
     D:3: 752 daAuts
     D:1: 656 daAuts
  Temple: 209 daAuts
     D:4: 187 daAuts
